 Dungeon Crawl Stone Soup version 0.29-a0-207-gf982a884d8 (webtiles) character file.

Game seed: 10224529284590961423

100 fhjkurtgsaerfcvgn the Bolt Thrower (level 5, -2/30 HPs)
             Began as a Kobold Hunter on Feb 23, 2022.
             Splashed by a jelly's acid (8 damage)
             ... on level 4 of the Dungeon.
             The game lasted 00:05:10 (2935 turns).

fhjkurtgsaerfcvgn the Bolt Thrower (Kobold Hunter)  Turns: 2935, Time: 00:05:12

Health: -2/30      AC:  0    Str:  8 (9)  XL:     5   Next: 3%
Magic:  5/5        EV: 14    Int: 11 (12) God:
Gold:   109        SH:  0    Dex: 17 (18) Spells: 4/4 levels left

rFire   . . .      SeeInvis .   s - +2 dagger (venom)
rCold   . . .      Faith    .   (no shield)
rNeg    . . .      Spirit   .   b - +0 leather armour
rPois   .          Reflect  .   (no helmet)
rElec   .          Harm     .   c - +0 cloak
rCorr   .          Rampage  .   (no gloves)
Will    .....      Clarity  +   (no boots)
Stlth   +++.......              (no amulet)
HPRegen 0.10/turn               (no ring)
MPRegen 0.09/turn               (no ring)

@: corroded, hasted, invisible, very quick
A: small, no large weapons, nightstalker 3, clarity, devolution 1
a: no special abilities


You were on level 4 of the Dungeon.
You visited 1 branch of the dungeon, and saw 4 of its levels.

You collected 109 gold pieces.

Inventory:

Hand Weapons
 a - a +1 hand crossbow
 s - a +2 dagger of venom (weapon)
Missiles
 o - 2 poisoned darts
Armour
 b - a +0 leather armour (worn)
 c - a +0 cloak (worn)
Jewellery
 h - a ring of ice
Scrolls
 d - 2 scrolls of teleportation {unknown}
 e - a scroll of enchant armour {unknown}
 g - a scroll of immolation {unknown}
 i - 2 scrolls of identify {unknown}
 k - a scroll of holy word {unknown}
 p - a scroll of blinking {unknown}
 r - a scroll of fog {unknown}


   Skills:
 - Level 2.1 Fighting
 + Level 7.9 Crossbows
 - Level 2.4 Dodging
 - Level 1.3 Stealth


You had 4 spell levels left.
You didn't know any spells.
Your spell library contained the following spells:

 Spells                   Type           Power      Damage    Failure   Level
 Corpse Rot               Necr/Air       0%         N/A       61%         2
 Poisonous Vapours        Pois/Air       0%         N/A       61%         2
 Fireball                 Conj/Fire      0%         3d3       100%        5
 Iskenderun's Battlesphe  Conj           0%         2d6       100%        5
 Conjure Ball Lightning   Conj/Air       0%         3x3d6     100%        6
 Orb of Destruction       Conj           0%         9d5       100%        7


Dungeon Overview and Level Annotations

Branches:
Dungeon (4/15)
 Temple: D:4-7

Altars:

Annotations:
D:3 1 runed translucent door, freelancePsychic's ghost, amateur DsHu


Innate Abilities, Weirdness & Mutations

You are small and have problems with some larger weapons.
You are completely attuned to the shadows.
You possess an exceptional clarity of mind.
You have hidden genetic defects.


Message History

* * * LOW HITPOINT WARNING * * *
You feel sick.
It was a potion of heal wounds.
You feel much better. The adder closely misses you.
You strike the helpless adder from behind!
You hit the adder.
You kill the adder!
You feel sick.
The jelly jiggles.
You have reached level 5!
You feel agile.
You hit the dart slug.
The dart slug is poisoned.
The dart slug is heavily wounded.
You feel sick.
You are no longer poisoned.
You hit the dart slug.
The dart slug looks as sick as possible!
The dart slug is severely wounded.
You kill the dart slug!
The jelly hits you but does no damage.
You hit the jelly.
Your hands burn!
The jelly is moderately wounded.
You hit the jelly. The acid corrodes you!
Your hands burn!
The jelly is heavily wounded.
The jelly barely misses you.
You hit the jelly but do no damage.
Your hands burn!
The jelly is heavily wounded.
The jelly misses you.
You hit the jelly but do no damage.
Your hands burn!
The jelly is heavily wounded.
You hit the jelly.
Your hands burn!
The jelly is severely wounded.
The jelly misses you.
You hit the jelly but do no damage.
Your hands burn!
* * * LOW HITPOINT WARNING * * *
The jelly is severely wounded.
The jelly hits you.
* * * LOW HITPOINT WARNING * * *
The acid corrodes you!
You are splashed with acid!
You die...

#.# #.# #.#
#.# #.# #.#
#.##.#. #.#
#.#.... #.#
#.#....
#.###.#....
#.@J..'....
#####.#....
#.#....
#.#.Jw.
#.##... ..


You could see a jelly.

Vanquished Creatures
  3 adders
  A dart slug (D:4)
  4 orcs (D:3)
  4 ball pythons
  13 bats
  8 endoplasms
  2 giant cockroaches (D:2)
  6 hobgoblins
  4 quokkas
  5 frilled lizards
  4 goblins
  6 kobolds
  9 rats
69 creatures vanquished.

Notes
Turn   | Place    | Note
-------+----------+-------------------------------------------
     0 | D:1      | fhjkurtgsaerfcvgn the Kobold Hunter began the quest for the
                  | Orb.
     0 | D:1      | Reached XP level 1. HP: 12/12 MP: 1/1
   146 | D:1      | Reached XP level 2. HP: 17/17 MP: 2/2
   232 | D:2      | Reached skill level 6 in Crossbows
   569 | D:1      | Reached XP level 3. HP: 21/21 MP: 3/3
  1220 | D:2      | Reached skill level 7 in Crossbows
  1220 | D:2      | Reached XP level 4. HP: 8/26 MP: 4/4
  1226 | D:2      | HP: 1/26 [poisoned by an adder]
  1980 | D:3      | Found a runed translucent door.
  1986 | D:3      | Noticed freelancePsychic's ghost (amateur DsHu)
  2033 | D:3      | Found a faded altar of an unknown god.
  2922 | D:4      | Gained mutation: You have hidden genetic defects. [potion
                  | of mutation]
  2922 | D:4      | Gained mutation: You possess an exceptional clarity of
                  | mind. [potion of mutation]
  2923 | D:4      | HP: 1/26 [poisoned by an adder]
  2926 | D:4      | Reached XP level 5. HP: 29/30 MP: 5/5
  2935 | D:4      | Splashed by a jelly's acid

Illustrated notes

Levels and vault maps discovered:
D:1:      roderic_crossed_star, layout_loops_cross
D:2:      layout_basic, minmay_misc_feat_roman, minmay_split_cup_large
D:3:      layout_loops_cross, chequers_ecumenical_altar_simple, serial_rivers,
          chequers_serial_rivers_small_a, chequers_serial_rivers_marsh,
          chequers_serial_rivers_micro_a, chequers_serial_rivers_small_a,
          chequers_serial_rivers_marsh, hellmonk_ghost_happy_afterlife,
          minmay_liquid_box
D:4:      layout_basic, uniq_duvessa

Skill      XL: |  1  2  3 |
---------------+----------+-----
Crossbows      | 6 7 |  7.9
Fighting       | |  2.1
Dodging        | |  2.4
Stealth        | |  1.3

Action                   |  1- 3 |  4- 6 || total
-------------------------+-------+-------++-------
Melee: Dagger            |       |    16 ||    16
 Fire: Hand crossbow     |    82 |    59 ||   141
  Use: Potion            |       |     7 ||     7
 Stab: Invisible         |       |     1 ||     1
Armor: Leather armour    |     9 |    13 ||    22
Dodge: Dodged            |    20 |    24 ||    44

Table legend: (Time is in decaauts)
 A = Elapsed time spent in this place.
 B = Non-inter-level travel time spent in this place.
 C = Inter-level travel time spent in this place.
 D = Time resting spent in this place.
 E = Time spent auto-exploring this place.
 F = Levels seen in this place.
 G = Mean time per level.
                   A        B        C        D        E       F      G
               +--------+--------+--------+--------+--------+-----+--------+
         Total |   2974 |   2938 |     36 |     19 |   2494 |   4 |  743.5 |
       Dungeon |   2974 |   2938 |     36 |     19 |   2494 |   4 |  743.5 |
               +--------+--------+--------+--------+--------+-----+--------+

Top non-repeatable levels by time:
     D:2: 1165 daAuts
     D:3: 908 daAuts
     D:1: 708 daAuts
     D:4: 193 daAuts
